[ AOE2 MATCH · #475450313 ]
Team RMBerbers vs Britons
[ REPLAY ANALYSIS · EXTRACTED FROM THE RECORDED GAME ]
Feudal
9:35
Castle
20:11
Imperial
38:31
| APM avg | 28.3 |
| APM peak | 69 |
| eAPM avg | 16.2 |
| Villagers / military | 103 / 95 |
Focus
⚔️ 30.7% · 🌾 69.3%
Camel Scout ×44 · Knight ×25 · Skirmisher ×20 · Trade Cart ×10 · Mangonel ×3 · Trebuchet (Packed) ×2
Feudal
9:41
Castle
20:48
Imperial
44:14
| APM avg | 26.4 |
| APM peak | 64 |
| eAPM avg | 12.9 |
| Villagers / military | 141 / 149 |
Focus
⚔️ 20.3% · 🌾 79.7%
Camel Scout ×112 · Steppe Lancer ×18 · Knight ×10 · Scout Cavalry ×5 · Mangudai ×4 · Trade Cart ×3
Feudal
10:11
Castle
21:06
Imperial
43:22
| APM avg | 26.4 |
| APM peak | 76 |
| eAPM avg | 12.6 |
| Villagers / military | 125 / 192 |
Focus
⚔️ 32.0% · 🌾 68.0%
Skirmisher ×133 · Knight ×56 · Trade Cart ×4 · Trebuchet (Packed) ×2 · Monk ×1
Feudal
9:10
Castle
23:14
Imperial
42:48
| APM avg | 26.5 |
| APM peak | 92 |
| eAPM avg | 14.7 |
| Villagers / military | 97 / 161 |
Focus
⚔️ 45.6% · 🌾 54.4%
Archer ×86 · Skirmisher ×63 · Trebuchet (Packed) ×6 · Longbowman ×3 · Mangonel ×2 · Battering Ram ×1
Feudal
9:39
Castle
21:09
Imperial
47:02
| APM avg | 20.8 |
| APM peak | 52 |
| eAPM avg | 12.7 |
| Villagers / military | 117 / 176 |
Focus
⚔️ 26.8% · 🌾 73.2%
Skirmisher ×115 · Archer ×52 · Trade Cart ×51 · Mangonel ×8 · Monk ×1
Feudal
9:47
Castle
14:22
Imperial
41:52
| APM avg | 50.7 |
| APM peak | 86 |
| eAPM avg | 25.9 |
| Villagers / military | 203 / 200 |
Focus
⚔️ 36.9% · 🌾 63.1%
Camel Archer ×96 · Spearman ×78 · Trebuchet (Packed) ×15 · Battering Ram ×11
Match map
Initial resources + every placement click. Lines = walls · curves = elevation contours. ◆ gold · ⬟ stone · ● berries · ✦ relic · ◌ wall gap
Your base· ✓ Closed at 20:11 · 50t walls · no gate
Finolillo's base· Open — unwalled flank
[DR]dbilahc's base· ✓ Closed at 21:06 · 39t walls · 1 gate(s)
Don Tani's base· ✓ Closed at 23:14 · 20t walls · 1 gate(s)
[DR]_Pakeras's base· ✓ Closed at 21:09 · 62t walls · 1 gate(s)
ROSHI EL MAESTRO DEL AGE's base· Open — opponent sealed themselves in
Smoothed initial terrain · ◌ = detected wall gap · hover for details
Inputs per minute
— [DR]Agustojoder - - Finolillo
Build order — [DR]Agustojoder
First 150 of 328 actions detected
| 0:03 | Build | House |
| 0:06 | Build | House |
| 0:10 | Create | Villager (Male) |
| 0:10 | Create | Villager (Male) |
| 0:10 | Create | Villager (Male) |
| 0:11 | Create | Villager (Male) |
| 1:33 | Create | Villager (Male) |
| 1:33 | Create | Villager (Male) |
| 2:09 | Build | Lumber Camp |
| 2:11 | Create | Villager (Male) |
| 2:27 | Create | Villager (Male) |
| 3:00 | Create | Villager (Male) |
| 3:20 | Create | Villager (Male) |
| 3:49 | Create | Villager (Male) |
| 3:59 | Build | House |
| 4:00 | Build | House |
| 4:10 | Create | Villager (Male) |
| 4:42 | Create | Villager (Male) |
| 5:05 | Create | Villager (Male) |
| 5:18 | Build | Mill |
| 5:25 | Create | Villager (Male) |
| 5:27 | Create | Villager (Male) |
| 5:46 | Create | Villager (Male) |
| 6:12 | Build | Mill |
| 6:23 | Research | Loom |
| 7:25 | Research | Feudal Age |
| 8:07 | Build | Palisade Wall |
| 8:18 | Build | Mining Camp |
| 8:39 | Create | Villager (Male) |
| 9:35 | Age | Feudal Age |
| 9:42 | Build | Stone Wall |
| 9:46 | Build | Stone Wall |
| 9:47 | Create | Villager (Male) |
| 10:06 | Build | Stone Wall |
| 10:16 | Build | Stone Wall |
| 10:19 | Create | Villager (Male) |
| 10:22 | Build | Stone Wall |
| 10:28 | Research | Horse Collar |
| 10:43 | Create | Villager (Male) |
| 11:24 | Create | Villager (Male) |
| 11:42 | Create | Villager (Male) |
| 11:46 | Build | House |
| 11:52 | Build | Stone Wall |
| 12:03 | Create | Villager (Male) |
| 12:33 | Create | Villager (Male) |
| 12:41 | Build | Stone Wall |
| 13:00 | Build | Farm |
| 13:02 | Create | Villager (Male) |
| 13:07 | Build | Farm |
| 13:08 | Build | Farm |
| 13:10 | Build | Farm |
| 13:11 | Build | Farm |
| 13:14 | Research | Double-Bit Axe |
| 13:19 | Build | Farm |
| 13:19 | Build | Farm |
| 13:22 | Build | Farm |
| 13:32 | Create | Villager (Male) |
| 13:45 | Build | House |
| 14:05 | Create | Villager (Male) |
| 14:05 | Create | Villager (Male) |
| 14:30 | Build | Farm |
| 14:40 | Build | Mining Camp |
| 15:01 | Create | Villager (Male) |
| 15:20 | Create | Villager (Male) |
| 15:35 | Build | Blacksmith |
| 15:40 | Build | Barracks |
| 15:49 | Create | Villager (Male) |
| 16:14 | Research | Wheelbarrow |
| 16:38 | Build | Stable |
| 16:48 | Build | Farm |
| 17:31 | Research | Castle Age |
| 17:35 | Build | Farm |
| 17:39 | Build | Farm |
| 17:52 | Build | Farm |
| 17:56 | Research | Gold Mining |
| 18:38 | Research | Scale Barding Armor |
| 18:54 | Research | Bloodlines |
| 19:18 | Build | Stable |
| 19:23 | Research | Forging |
| 19:29 | Build | Farm |
| 19:40 | Build | House |
| 19:42 | Build | House |
| 20:11 | Age | Castle Age |
| 20:13 | Create | Camel Scout |
| 20:14 | Create | Camel Scout |
| 20:17 | Create | Villager (Male) |
| 20:18 | Create | Camel Scout |
| 20:28 | Create | Camel Scout |
| 20:40 | Research | Chain Barding Armor |
| 20:40 | Create | Camel Scout |
| 20:40 | Create | Camel Scout |
| 20:47 | Build | Gate |
| 20:49 | Create | Villager (Male) |
| 21:03 | Build | Town Center |
| 21:05 | Create | Villager (Male) |
| 21:06 | Create | Camel Scout |
| 21:17 | Create | Camel Scout |
| 21:28 | Create | Villager (Male) |
| 21:33 | Create | Camel Scout |
| 21:45 | Create | Camel Scout |
| 21:51 | Build | House |
| 21:55 | Create | Villager (Male) |
| 22:02 | Create | Camel Scout |
| 22:06 | Build | House |
| 22:08 | Build | House |
| 22:16 | Create | Villager (Male) |
| 22:23 | Create | Camel Scout |
| 22:34 | Create | Camel Scout |
| 22:44 | Create | Villager (Male) |
| 23:11 | Create | Camel Scout |
| 23:11 | Create | Camel Scout |
| 23:20 | Create | Villager (Male) |
| 23:26 | Create | Knight |
| 23:27 | Create | Knight |
| 23:28 | Create | Villager (Male) |
| 23:49 | Create | Villager (Male) |
| 23:50 | Create | Knight |
| 24:06 | Create | Knight |
| 24:06 | Create | Knight |
| 24:22 | Create | Villager (Male) |
| 24:22 | Create | Villager (Male) |
| 24:39 | Build | Town Center |
| 24:49 | Create | Knight |
| 24:49 | Create | Knight |
| 24:56 | Create | Villager (Male) |
| 24:57 | Create | Villager (Male) |
| 24:57 | Create | Villager (Male) |
| 25:18 | Create | Knight |
| 25:19 | Create | Villager (Male) |
| 25:29 | Build | House |
| 25:30 | Build | House |
| 25:31 | Build | House |
| 25:42 | Create | Knight |
| 25:58 | Create | Villager (Male) |
| 25:59 | Create | Villager (Male) |
| 26:01 | Create | Knight |
| 26:18 | Create | Knight |
| 26:18 | Create | Knight |
| 26:19 | Create | Villager (Male) |
| 26:25 | Create | Villager (Male) |
| 26:29 | Build | House |
| 26:35 | Create | Villager (Male) |
| 26:39 | Build | Farm |
| 26:39 | Build | Farm |
| 26:41 | Build | Farm |
| 26:50 | Create | Knight |
| 26:52 | Create | Villager (Male) |
| 26:56 | Create | Knight |
| 27:11 | Create | Knight |
| 27:14 | Create | Villager (Male) |
Build order — Finolillo
First 150 of 354 actions detected
| 0:05 | Create | Villager (Male) ×4 |
| 0:07 | Build | House |
| 0:08 | Build | House |
| 1:41 | Create | Villager (Male) |
| 1:42 | Create | Villager (Male) |
| 1:59 | Build | Lumber Camp |
| 2:15 | Create | Villager (Male) |
| 2:15 | Create | Villager (Male) |
| 2:35 | Create | Villager (Male) |
| 2:35 | Create | Villager (Male) |
| 2:52 | Create | Villager (Male) |
| 2:52 | Create | Villager (Male) |
| 3:16 | Create | Villager (Male) |
| 3:16 | Create | Villager (Male) |
| 3:36 | Build | Mill |
| 3:50 | Create | Villager (Male) |
| 3:51 | Create | Villager (Male) |
| 4:04 | Build | House |
| 4:09 | Create | Villager (Male) |
| 4:42 | Research | Loom |
| 4:46 | Build | House |
| 5:20 | Create | Villager (Male) |
| 5:21 | Create | Villager (Male) |
| 5:39 | Create | Villager (Male) |
| 5:40 | Create | Villager (Male) |
| 5:55 | Create | Villager (Male) |
| 6:43 | Create | Villager (Male) |
| 6:43 | Create | Villager (Male) |
| 7:31 | Research | Feudal Age |
| 7:37 | Build | Barracks |
| 8:03 | Build | Mill |
| 9:34 | Create | Villager (Male) |
| 9:34 | Create | Villager (Male) |
| 9:34 | Create | Villager (Male) |
| 9:41 | Age | Feudal Age |
| 9:45 | Build | Stable |
| 10:15 | Create | Villager (Male) |
| 10:20 | Build | House |
| 10:47 | Create | Scout Cavalry |
| 10:47 | Create | Scout Cavalry |
| 10:48 | Create | Scout Cavalry |
| 11:02 | Build | House |
| 11:06 | Create | Villager (Male) |
| 11:11 | Research | Double-Bit Axe |
| 11:20 | Build | Mining Camp |
| 11:30 | Build | Blacksmith |
| 11:41 | Create | Scout Cavalry |
| 11:44 | Build | House |
| 11:50 | Create | Villager (Male) |
| 11:50 | Create | Villager (Male) |
| 12:02 | Create | Villager (Male) |
| 12:29 | Create | Scout Cavalry |
| 12:36 | Build | House |
| 12:52 | Research | Scale Barding Armor |
| 12:56 | Create | Villager (Male) |
| 13:48 | Create | Villager (Male) |
| 13:48 | Create | Villager (Male) |
| 14:03 | Build | Market |
| 14:53 | Build | Farm |
| 14:53 | Build | Farm |
| 14:54 | Build | Farm |
| 14:54 | Build | Farm |
| 14:54 | Build | Farm |
| 14:54 | Build | Farm |
| 15:00 | Create | Villager (Male) |
| 15:00 | Create | Villager (Male) |
| 15:07 | Build | House |
| 16:02 | Create | Villager (Male) |
| 16:18 | Build | Stone Wall |
| 16:30 | Build | Stone Wall |
| 16:33 | Build | Stone Wall |
| 17:13 | Create | Villager (Male) |
| 18:08 | Research | Castle Age |
| 19:49 | Build | Mining Camp |
| 19:58 | Build | Farm |
| 20:00 | Research | Horse Collar |
| 20:46 | Build | Stable |
| 20:48 | Age | Castle Age |
| 21:07 | Build | Town Center |
| 21:17 | Create | Villager (Male) |
| 21:17 | Create | Villager (Male) |
| 21:18 | Create | Villager (Male) |
| 21:18 | Create | Villager (Male) |
| 21:28 | Research | Bloodlines |
| 21:36 | Research | Husbandry |
| 21:37 | Create | Camel Scout |
| 21:38 | Create | Camel Scout |
| 21:45 | Research | Heavy Plow |
| 22:09 | Research | Forging |
| 22:35 | Build | Palisade Gate |
| 22:39 | Create | Camel Scout |
| 22:40 | Create | Camel Scout |
| 22:43 | Create | Camel Scout |
| 22:47 | Create | Villager (Male) |
| 22:47 | Create | Villager (Male) |
| 22:49 | Create | Villager (Male) |
| 22:49 | Create | Villager (Male) |
| 23:11 | Build | Farm |
| 23:14 | Build | Farm |
| 23:24 | Create | Camel Scout |
| 23:35 | Create | Villager (Male) |
| 23:35 | Create | Villager (Male) |
| 23:38 | Build | House |
| 23:39 | Build | House |
| 23:44 | Create | Villager (Male) |
| 24:00 | Create | Camel Scout |
| 24:00 | Create | Camel Scout |
| 24:34 | Research | Iron Casting |
| 24:34 | Research | Iron Casting |
| 24:39 | Create | Villager (Male) |
| 24:39 | Create | Villager (Male) |
| 24:41 | Create | Villager (Male) |
| 24:41 | Create | Villager (Male) |
| 24:49 | Build | Town Center |
| 24:54 | Build | Farm |
| 24:54 | Build | Farm |
| 24:55 | Build | Farm |
| 24:55 | Build | Farm |
| 24:55 | Build | Farm |
| 24:55 | Build | Farm |
| 24:56 | Build | Farm |
| 24:56 | Build | Farm |
| 25:00 | Create | Villager (Male) |
| 25:38 | Create | Camel Scout ×2 |
| 25:45 | Build | House |
| 25:46 | Build | House |
| 26:21 | Create | Camel Scout ×2 |
| 26:24 | Create | Villager (Male) |
| 26:24 | Create | Villager (Male) |
| 26:26 | Create | Villager (Male) |
| 26:26 | Create | Villager (Male) |
| 26:26 | Create | Villager (Male) |
| 26:27 | Create | Villager (Male) |
| 27:16 | Build | Castle |
| 27:44 | Create | Camel Scout ×3 |
| 27:54 | Create | Villager (Male) |
| 27:54 | Create | Villager (Male) |
| 27:54 | Create | Villager (Male) |
| 27:59 | Create | Villager (Male) |
| 27:59 | Create | Villager (Male) |
| 28:07 | Build | House |
| 28:07 | Build | House |
| 28:09 | Build | House |
| 28:11 | Build | House |
| 28:29 | Build | Mining Camp |
| 28:39 | Create | Camel Scout ×2 |
| 28:51 | Build | Farm |
| 28:53 | Create | Villager (Male) |
| 28:54 | Create | Villager (Male) |
| 28:54 | Create | Villager (Male) |
Build order — [DR]dbilahc
First 150 of 403 actions detected
| 0:01 | Create | Villager (Male) |
| 0:01 | Create | Villager (Male) |
| 0:03 | Build | House |
| 0:06 | Build | House |
| 0:10 | Create | Villager (Male) |
| 0:10 | Create | Villager (Male) |
| 1:33 | Create | Villager (Male) |
| 2:03 | Build | Lumber Camp |
| 2:04 | Create | Villager (Male) |
| 2:22 | Create | Villager (Male) |
| 2:59 | Create | Villager (Male) |
| 3:24 | Create | Villager (Male) |
| 3:52 | Build | House |
| 4:18 | Create | Villager (Male) |
| 4:19 | Create | Villager (Male) |
| 4:54 | Build | Mill |
| 4:55 | Create | Villager (Male) |
| 5:48 | Create | Villager (Male) |
| 6:21 | Create | Villager (Male) |
| 6:23 | Create | Villager (Male) |
| 6:24 | Create | Villager (Male) |
| 6:28 | Research | Loom |
| 7:45 | Research | Feudal Age |
| 8:03 | Build | House |
| 9:20 | Create | Villager (Male) |
| 10:02 | Build | House |
| 10:05 | Create | Villager (Male) |
| 10:11 | Age | Feudal Age |
| 10:18 | Build | Stone Wall |
| 10:23 | Build | Stone Wall |
| 10:35 | Build | Stone Wall |
| 10:43 | Create | Villager (Male) |
| 11:06 | Build | Stone Wall |
| 11:08 | Create | Villager (Male) |
| 11:18 | Create | Villager (Male) |
| 11:30 | Build | Lumber Camp |
| 11:36 | Create | Villager (Male) |
| 11:40 | Build | House |
| 11:44 | Build | Farm |
| 11:53 | Build | Stone Wall |
| 12:03 | Create | Villager (Male) |
| 12:07 | Build | Farm |
| 12:10 | Research | Double-Bit Axe |
| 12:31 | Build | Stone Wall |
| 12:32 | Create | Villager (Male) |
| 12:43 | Build | Mining Camp |
| 12:43 | Create | Villager (Male) |
| 12:54 | Create | Villager (Male) |
| 13:03 | Build | House |
| 13:10 | Create | Villager (Male) |
| 13:40 | Create | Villager (Male) |
| 14:17 | Create | Villager (Male) |
| 14:34 | Build | Lumber Camp |
| 14:57 | Create | Villager (Male) |
| 15:04 | Research | Wheelbarrow |
| 15:09 | Research | Gold Mining |
| 15:23 | Build | Farm |
| 15:24 | Build | Farm |
| 15:26 | Build | Farm |
| 15:36 | Build | Market |
| 15:39 | Build | Blacksmith |
| 15:49 | Build | Market |
| 15:53 | Build | Farm |
| 16:02 | Build | Blacksmith |
| 16:06 | Build | Farm |
| 16:09 | Create | Villager (Male) |
| 16:36 | Build | Mining Camp |
| 16:54 | Build | Farm |
| 17:46 | Build | Barracks |
| 18:26 | Research | Castle Age |
| 18:51 | Build | Stable |
| 18:57 | Build | Stable |
| 19:04 | Research | Scale Barding Armor |
| 19:09 | Research | Forging |
| 19:14 | Build | House |
| 19:16 | Build | House |
| 19:17 | Build | House |
| 19:17 | Build | House |
| 19:26 | Build | House |
| 19:27 | Build | House |
| 19:28 | Build | House |
| 19:29 | Build | House |
| 19:40 | Build | Farm |
| 19:47 | Build | Farm |
| 19:50 | Build | Farm |
| 19:54 | Build | Farm |
| 19:57 | Build | Farm |
| 20:04 | Build | Farm |
| 20:11 | Create | Villager (Male) |
| 20:28 | Build | Gate |
| 20:39 | Create | Villager (Male) |
| 20:52 | Create | Villager (Male) |
| 21:06 | Age | Castle Age |
| 21:12 | Create | Knight |
| 21:12 | Create | Knight |
| 21:16 | Research | Chain Barding Armor |
| 21:41 | Build | Mill |
| 21:42 | Build | Farm |
| 21:43 | Build | Farm |
| 21:43 | Build | Farm |
| 21:44 | Build | Farm |
| 21:50 | Build | Mining Camp |
| 21:51 | Create | Villager (Male) |
| 21:53 | Create | Knight |
| 21:53 | Create | Knight |
| 22:04 | Create | Knight |
| 22:05 | Create | Knight |
| 22:13 | Research | Bow Saw |
| 22:39 | Create | Villager (Male) |
| 22:54 | Research | Gold Shaft Mining |
| 23:11 | Create | Villager (Male) |
| 23:25 | Build | Farm |
| 23:26 | Build | Farm |
| 23:27 | Build | Farm |
| 23:28 | Build | Farm |
| 23:30 | Build | Farm |
| 23:34 | Create | Knight |
| 23:36 | Create | Knight |
| 23:48 | Create | Villager (Male) |
| 24:06 | Create | Villager (Male) |
| 24:06 | Create | Knight |
| 24:07 | Create | Knight |
| 24:32 | Create | Villager (Male) |
| 24:48 | Create | Villager (Male) |
| 24:48 | Create | Knight |
| 24:48 | Create | Knight |
| 24:58 | Create | Villager (Male) |
| 24:58 | Create | Knight |
| 24:59 | Create | Knight |
| 25:01 | Create | Villager (Male) |
| 25:20 | Create | Villager (Male) |
| 25:20 | Create | Knight |
| 25:21 | Create | Knight |
| 25:43 | Create | Knight |
| 25:43 | Create | Knight |
| 25:43 | Create | Knight |
| 25:44 | Create | Villager (Male) |
| 26:30 | Create | Villager (Male) |
| 26:40 | Build | Mill |
| 26:41 | Build | Farm |
| 26:41 | Build | Farm |
| 26:42 | Build | Farm |
| 26:42 | Build | Farm |
| 26:42 | Build | Farm |
| 26:43 | Build | Farm |
| 26:43 | Build | Farm |
| 26:44 | Build | Farm |
| 27:32 | Create | Villager (Male) |
| 27:45 | Research | Fletching |
| 28:07 | Create | Villager (Male) |
Build order — Don Tani
First 150 of 316 actions detected
| 0:02 | Create | Villager (Male) |
| 0:02 | Create | Villager (Male) |
| 0:02 | Create | Villager (Male) |
| 0:04 | Build | House |
| 0:06 | Build | House |
| 1:03 | Create | Villager (Male) |
| 1:03 | Create | Villager (Male) |
| 1:56 | Build | Lumber Camp |
| 1:59 | Create | Villager (Male) |
| 1:59 | Create | Villager (Male) |
| 1:59 | Create | Villager (Male) |
| 2:18 | Create | Villager (Male) |
| 2:18 | Create | Villager (Male) |
| 3:14 | Create | Villager (Male) |
| 3:15 | Create | Villager (Male) |
| 3:15 | Create | Villager (Male) |
| 3:15 | Create | Villager (Male) |
| 3:34 | Create | Villager (Male) |
| 3:34 | Create | Villager (Male) |
| 3:48 | Build | House |
| 4:23 | Build | Palisade Wall |
| 4:28 | Create | Villager (Male) |
| 4:29 | Create | Villager (Male) |
| 4:50 | Build | Mining Camp |
| 5:06 | Create | Villager (Male) |
| 5:07 | Create | Villager (Male) |
| 5:09 | Research | Loom |
| 6:58 | Research | Feudal Age |
| 7:31 | Build | House |
| 8:17 | Build | Barracks |
| 8:42 | Create | Villager (Male) |
| 8:43 | Create | Villager (Male) |
| 9:10 | Age | Feudal Age |
| 9:26 | Build | Archery Range |
| 9:42 | Create | Villager (Male) |
| 10:28 | Build | Archery Range |
| 10:32 | Create | Villager (Male) |
| 10:33 | Create | Villager (Male) |
| 10:55 | Create | Archer |
| 10:59 | Build | House |
| 11:16 | Research | Town Watch |
| 11:18 | Create | Archer |
| 11:29 | Build | House |
| 11:32 | Build | Blacksmith |
| 11:48 | Build | Palisade Wall |
| 11:55 | Build | Palisade Wall |
| 12:00 | Create | Villager (Male) |
| 12:01 | Create | Villager (Male) |
| 12:07 | Create | Archer ×4 |
| 12:17 | Build | House |
| 12:38 | Create | Villager (Male) |
| 13:06 | Build | House |
| 13:16 | Build | Palisade Wall |
| 13:28 | Create | Archer |
| 13:28 | Create | Archer |
| 13:31 | Research | Fletching |
| 13:32 | Research | Padded Archer Armor |
| 13:37 | Research | Double-Bit Axe |
| 13:45 | Build | Mill |
| 13:49 | Build | House |
| 14:20 | Build | Palisade Wall |
| 14:25 | Build | House |
| 14:27 | Create | Archer |
| 14:27 | Create | Archer |
| 14:27 | Create | Archer |
| 14:29 | Create | Villager (Male) |
| 15:17 | Create | Villager (Male) |
| 15:18 | Create | Archer |
| 15:18 | Create | Archer |
| 15:29 | Build | House |
| 15:56 | Create | Archer |
| 15:56 | Create | Archer |
| 16:02 | Build | House |
| 16:04 | Build | House |
| 16:16 | Build | Market |
| 16:19 | Create | Villager (Male) |
| 16:20 | Create | Villager (Male) |
| 16:23 | Build | Farm |
| 16:24 | Build | Farm |
| 16:26 | Build | Farm |
| 16:27 | Build | Farm |
| 16:29 | Create | Archer |
| 16:29 | Create | Archer |
| 17:04 | Build | House |
| 17:09 | Create | Villager (Male) |
| 17:10 | Create | Archer |
| 17:10 | Create | Archer |
| 17:13 | Research | Gold Mining |
| 17:39 | Build | House |
| 17:42 | Build | Farm |
| 17:43 | Create | Villager (Male) |
| 17:45 | Create | Villager (Male) |
| 17:52 | Build | House |
| 18:17 | Build | Farm |
| 18:45 | Create | Villager (Male) |
| 18:46 | Create | Villager (Male) |
| 18:46 | Create | Archer |
| 18:47 | Create | Archer |
| 18:53 | Build | Farm |
| 18:56 | Build | Farm |
| 19:00 | Build | Mill |
| 19:49 | Build | Lumber Camp |
| 20:34 | Research | Castle Age |
| 20:35 | Research | Castle Age |
| 20:55 | Create | Archer |
| 20:56 | Create | Archer |
| 21:20 | Create | Archer |
| 21:20 | Create | Archer |
| 21:59 | Build | Archery Range |
| 22:14 | Create | Villager (Male) |
| 22:16 | Research | Horse Collar |
| 22:25 | Build | Palisade Gate |
| 22:28 | Create | Archer |
| 22:28 | Create | Archer |
| 23:04 | Create | Archer |
| 23:05 | Create | Archer |
| 23:05 | Create | Archer |
| 23:14 | Age | Castle Age |
| 23:27 | Create | Villager (Male) |
| 23:32 | Research | Crossbowman (upgrade) |
| 23:42 | Research | Bodkin Arrow |
| 23:51 | Build | University |
| 23:59 | Create | Archer |
| 23:59 | Create | Archer |
| 24:02 | Create | Villager (Male) |
| 24:55 | Create | Villager (Male) |
| 24:55 | Create | Villager (Male) |
| 24:57 | Create | Mangonel |
| 25:38 | Create | Archer ×2 |
| 25:46 | Build | Monastery |
| 26:20 | Build | Lumber Camp |
| 26:25 | Create | Villager (Male) |
| 26:26 | Create | Villager (Male) |
| 27:08 | Create | Villager (Male) |
| 27:08 | Create | Villager (Male) |
| 27:17 | Build | House |
| 27:20 | Build | Palisade Wall |
| 27:28 | Create | Villager (Male) |
| 28:12 | Create | Archer |
| 28:13 | Create | Archer ×3 |
| 28:36 | Research | Ballistics |
| 28:36 | Research | Ballistics |
| 28:58 | Build | Mining Camp |
| 29:16 | Build | Farm |
| 29:39 | Create | Mangonel |
| 29:44 | Create | Villager (Male) |
| 29:45 | Create | Villager (Male) |
| 30:01 | Build | Farm |
| 30:04 | Build | Farm |
| 30:14 | Research | Leather Archer Armor |
Build order — [DR]_Pakeras
First 150 of 334 actions detected
| 0:01 | Research | Loom |
| 0:03 | Build | House |
| 0:09 | Build | House |
| 0:12 | Create | Villager (Male) |
| 0:12 | Create | Villager (Male) |
| 0:13 | Create | Villager (Male) |
| 1:20 | Create | Villager (Male) |
| 1:21 | Create | Villager (Male) |
| 1:56 | Build | Lumber Camp |
| 2:00 | Create | Villager (Male) |
| 2:00 | Create | Villager (Male) |
| 2:18 | Create | Villager (Male) |
| 2:18 | Create | Villager (Male) |
| 2:46 | Create | Villager (Male) |
| 2:46 | Create | Villager (Male) |
| 3:17 | Create | Villager (Male) |
| 3:25 | Build | House |
| 3:26 | Build | House |
| 3:34 | Create | Villager (Male) |
| 3:34 | Create | Villager (Male) |
| 4:06 | Create | Villager (Male) |
| 4:06 | Create | Villager (Male) |
| 4:34 | Create | Villager (Male) |
| 4:34 | Create | Villager (Male) |
| 4:34 | Create | Villager (Male) |
| 4:43 | Build | Mill |
| 4:57 | Create | Villager (Male) |
| 4:57 | Create | Villager (Male) |
| 5:39 | Create | Villager (Male) |
| 6:18 | Create | Villager (Male) |
| 6:53 | Create | Villager (Male) |
| 7:07 | Build | Mill |
| 7:29 | Research | Feudal Age |
| 9:23 | Build | House |
| 9:39 | Age | Feudal Age |
| 9:40 | Build | House |
| 9:46 | Build | Stone Wall |
| 9:52 | Build | House |
| 9:53 | Create | Villager (Male) |
| 9:53 | Create | Villager (Male) |
| 10:00 | Build | Stone Wall |
| 10:08 | Build | Stone Wall |
| 10:22 | Build | Stone Wall |
| 10:27 | Build | Stone Wall |
| 10:40 | Build | Stone Wall |
| 10:48 | Build | Stone Wall |
| 10:57 | Build | Gate |
| 11:24 | Create | Villager (Male) |
| 11:24 | Create | Villager (Male) |
| 11:24 | Create | Villager (Male) |
| 11:25 | Create | Villager (Male) |
| 11:25 | Create | Villager (Male) |
| 11:25 | Create | Villager (Male) |
| 11:47 | Build | Mining Camp |
| 12:36 | Build | Mill |
| 12:38 | Create | Villager (Male) |
| 12:38 | Create | Villager (Male) |
| 13:08 | Build | House |
| 13:11 | Build | House |
| 13:15 | Create | Villager (Male) |
| 13:38 | Create | Villager (Male) |
| 13:50 | Build | Mining Camp |
| 13:56 | Research | Horse Collar |
| 13:59 | Research | Double-Bit Axe |
| 14:20 | Create | Villager (Male) |
| 14:20 | Create | Villager (Male) |
| 14:27 | Create | Villager (Male) |
| 14:38 | Build | Market |
| 14:48 | Build | Barracks |
| 14:59 | Build | Blacksmith |
| 15:16 | Build | Lumber Camp |
| 15:40 | Create | Villager (Male) |
| 15:42 | Build | Farm |
| 15:54 | Build | House |
| 16:01 | Build | Farm |
| 16:03 | Build | Farm |
| 16:09 | Build | Farm |
| 16:10 | Create | Villager (Male) |
| 16:10 | Create | Villager (Male) |
| 16:39 | Build | Farm |
| 16:39 | Build | Farm |
| 16:40 | Build | Farm |
| 16:40 | Build | Farm |
| 16:57 | Research | Wheelbarrow |
| 17:11 | Build | Farm |
| 17:27 | Build | Farm |
| 17:55 | Build | Archery Range |
| 18:22 | Build | Stone Wall |
| 18:28 | Research | Castle Age |
| 18:50 | Build | Market |
| 18:54 | Create | Skirmisher |
| 18:54 | Create | Skirmisher |
| 18:54 | Create | Skirmisher |
| 19:19 | Research | Fletching |
| 19:34 | Build | Archery Range |
| 19:51 | Research | Padded Archer Armor |
| 20:35 | Build | Archery Range |
| 20:41 | Build | Archery Range |
| 20:45 | Build | Farm |
| 20:50 | Research | Gold Mining |
| 20:52 | Research | Stone Mining |
| 21:00 | Create | Trade Cart |
| 21:09 | Age | Castle Age |
| 21:13 | Research | Crossbowman (upgrade) |
| 21:18 | Create | Mangonel |
| 21:25 | Create | Villager (Male) |
| 21:33 | Build | Farm |
| 21:34 | Build | Farm |
| 21:34 | Build | Farm |
| 21:34 | Build | Farm |
| 21:35 | Build | Farm |
| 21:53 | Build | Farm |
| 22:03 | Build | Farm |
| 22:05 | Create | Villager (Male) |
| 22:05 | Create | Villager (Male) |
| 22:05 | Create | Villager (Male) |
| 22:08 | Create | Villager (Male) |
| 22:39 | Create | Villager (Male) |
| 22:54 | Build | Town Center |
| 23:04 | Research | Leather Archer Armor |
| 23:55 | Build | University |
| 24:02 | Build | Monastery |
| 24:09 | Research | Bodkin Arrow |
| 24:49 | Create | Mangonel |
| 24:54 | Research | Bow Saw |
| 24:56 | Create | Villager (Male) |
| 24:57 | Create | Villager (Male) |
| 24:57 | Create | Villager (Male) |
| 24:57 | Create | Villager (Male) |
| 24:58 | Create | Villager (Male) |
| 25:13 | Create | Villager (Male) |
| 25:14 | Create | Villager (Male) |
| 25:41 | Create | Villager (Male) |
| 25:47 | Research | Elite Skirmisher (upgrade) |
| 25:52 | Build | Farm |
| 25:55 | Build | Farm |
| 25:59 | Build | Farm |
| 26:05 | Create | Villager (Male) |
| 26:05 | Create | Villager (Male) |
| 26:09 | Create | Villager (Male) |
| 26:09 | Create | Villager (Male) |
| 26:09 | Create | Villager (Male) |
| 26:20 | Build | Castle |
| 26:21 | Create | Monk |
| 26:34 | Create | Archer ×5 |
| 26:39 | Research | Heavy Plow |
| 26:42 | Create | Villager (Male) |
| 26:42 | Create | Villager (Male) |
| 26:57 | Create | Villager (Male) |
| 26:58 | Create | Villager (Male) |
Build order — ROSHI EL MAESTRO DEL AGE
First 150 of 575 actions detected
| 0:01 | Create | Villager (Male) |
| 0:02 | Create | Villager (Male) |
| 0:02 | Create | Villager (Male) |
| 0:04 | Build | House |
| 0:06 | Build | House |
| 0:07 | Create | Villager (Male) |
| 0:07 | Create | Villager (Male) |
| 1:26 | Create | Villager (Male) |
| 1:58 | Create | Villager (Male) |
| 1:58 | Create | Villager (Male) |
| 2:24 | Create | Villager (Male) |
| 2:24 | Create | Villager (Male) |
| 2:46 | Build | Lumber Camp |
| 2:52 | Create | Villager (Male) |
| 2:53 | Create | Villager (Male) |
| 3:16 | Create | Villager (Male) |
| 3:16 | Create | Villager (Male) |
| 3:31 | Build | House |
| 3:33 | Build | House |
| 4:10 | Create | Villager (Male) |
| 4:10 | Create | Villager (Male) |
| 4:11 | Create | Villager (Male) |
| 4:11 | Create | Villager (Male) |
| 5:23 | Create | Villager (Male) |
| 5:23 | Create | Villager (Male) |
| 5:23 | Create | Villager (Male) |
| 5:24 | Create | Villager (Male) |
| 6:08 | Create | Villager (Male) |
| 6:24 | Research | Loom |
| 6:59 | Build | Mill |
| 7:12 | Create | Villager (Male) |
| 7:24 | Research | Feudal Age |
| 8:39 | Build | Lumber Camp |
| 9:45 | Create | Villager (Male) |
| 9:45 | Create | Villager (Male) |
| 9:47 | Age | Feudal Age |
| 9:51 | Build | Blacksmith |
| 10:20 | Build | Market |
| 10:27 | Create | Villager (Male) |
| 10:41 | Create | Villager (Male) |
| 10:50 | Create | Villager (Male) |
| 11:42 | Research | Castle Age |
| 11:42 | Research | Castle Age |
| 12:07 | Research | Double-Bit Axe |
| 12:07 | Research | Double-Bit Axe |
| 12:38 | Build | Mining Camp |
| 13:13 | Create | Villager (Male) |
| 13:13 | Create | Villager (Male) |
| 13:18 | Build | House |
| 13:52 | Build | House |
| 13:55 | Build | House |
| 14:15 | Research | Horse Collar |
| 14:22 | Age | Castle Age |
| 14:26 | Create | Villager (Male) |
| 14:31 | Build | Town Center |
| 14:34 | Create | Villager (Male) |
| 14:44 | Build | House |
| 14:49 | Create | Villager (Male) |
| 14:55 | Research | Bow Saw |
| 15:03 | Create | Villager (Male) |
| 15:17 | Build | House |
| 15:18 | Create | Villager (Male) |
| 15:46 | Build | Mill |
| 15:47 | Create | Villager (Male) |
| 16:01 | Build | Farm |
| 16:02 | Build | Farm |
| 16:02 | Build | Farm |
| 16:03 | Build | Farm |
| 16:17 | Build | Farm |
| 16:21 | Build | Farm |
| 16:24 | Build | Farm |
| 16:29 | Build | Farm |
| 16:30 | Create | Villager (Male) |
| 16:30 | Create | Villager (Male) |
| 16:57 | Create | Villager (Male) |
| 16:57 | Create | Villager (Male) |
| 17:02 | Build | Farm |
| 17:12 | Create | Villager (Male) |
| 17:13 | Create | Villager (Male) |
| 17:27 | Build | Town Center |
| 17:29 | Create | Villager (Male) |
| 17:29 | Create | Villager (Male) |
| 17:37 | Create | Villager (Male) |
| 17:37 | Create | Villager (Male) |
| 17:41 | Build | Farm |
| 17:45 | Build | Farm |
| 17:50 | Create | Villager (Male) |
| 17:55 | Build | House |
| 18:01 | Create | Villager (Male) |
| 18:01 | Create | Villager (Male) |
| 18:14 | Build | House |
| 18:16 | Create | Villager (Male) |
| 18:16 | Create | Villager (Male) |
| 18:24 | Research | Horse Collar |
| 18:25 | Research | Horse Collar |
| 18:40 | Build | Palisade Wall |
| 18:42 | Create | Villager (Male) |
| 18:43 | Create | Villager (Male) |
| 18:53 | Build | Farm |
| 18:54 | Create | Villager (Male) |
| 18:54 | Create | Villager (Male) |
| 19:03 | Build | Farm |
| 19:12 | Create | Villager (Male) |
| 19:13 | Create | Villager (Male) |
| 19:18 | Build | Farm |
| 19:19 | Create | Villager (Male) |
| 19:19 | Create | Villager (Male) |
| 19:22 | Build | Farm |
| 19:30 | Create | Villager (Male) |
| 19:30 | Create | Villager (Male) |
| 19:33 | Build | Farm |
| 19:34 | Create | Villager (Male) |
| 19:34 | Create | Villager (Male) |
| 19:42 | Build | Farm |
| 19:42 | Create | Villager (Male) |
| 19:43 | Create | Villager (Male) |
| 20:05 | Build | House |
| 20:07 | Build | House |
| 20:15 | Create | Villager (Male) |
| 20:16 | Create | Villager (Male) |
| 20:31 | Create | Villager (Male) |
| 20:31 | Create | Villager (Male) |
| 20:34 | Create | Battering Ram |
| 20:34 | Create | Battering Ram |
| 20:57 | Create | Villager (Male) |
| 20:57 | Create | Villager (Male) |
| 20:58 | Create | Villager (Male) |
| 20:58 | Create | Villager (Male) |
| 21:10 | Build | Stone Wall |
| 21:11 | Create | Villager (Male) |
| 21:12 | Create | Villager (Male) |
| 21:19 | Create | Battering Ram |
| 21:19 | Create | Battering Ram |
| 21:23 | Create | Villager (Male) |
| 21:24 | Create | Villager (Male) |
| 21:25 | Create | Villager (Male) |
| 21:35 | Build | Barracks |
| 21:41 | Build | Farm |
| 21:41 | Create | Villager (Male) |
| 21:53 | Create | Villager (Male) |
| 21:53 | Create | Villager (Male) |
| 22:00 | Create | Battering Ram |
| 22:02 | Create | Villager (Male) |
| 22:02 | Create | Villager (Male) |
| 22:17 | Build | Lumber Camp |
| 22:22 | Create | Villager (Male) |
| 22:22 | Create | Villager (Male) |
| 22:29 | Research | Pikeman (upgrade) |
| 22:33 | Create | Villager (Male) |
| 22:41 | Build | Stone Wall |
Match timeline
| 4:23 | Don Tani · wall_segment Palisade Wall x1 |
| 7:37 | Finolillo · first_building Barracks |
| 8:07 | [DR]Agustojoder · wall_segment Palisade Wall x5 |
| 8:17 | Don Tani · first_building Barracks |
| 9:10 | Don Tani · age_up feudal |
| 9:26 | Don Tani · first_building Archery Range |
| 9:35 | [DR]Agustojoder · age_up feudal |
| 9:39 | [DR]_Pakeras · age_up feudal |
| 9:41 | Finolillo · age_up feudal |
| 9:42 | [DR]Agustojoder · wall_segment Stone Wall x8 |
| 9:45 | Finolillo · first_building Stable |
| 9:46 | [DR]_Pakeras · wall_segment Stone Wall x13 |
| 9:46 | [DR]Agustojoder · wall_segment Stone Wall x8 |
| 9:47 | ROSHI EL MAESTRO DEL AGE · age_up feudal |
| 10:00 | [DR]_Pakeras · wall_segment Stone Wall x9 |
| 10:06 | [DR]Agustojoder · wall_segment Stone Wall x4 |
| 10:08 | [DR]_Pakeras · wall_segment Stone Wall x6 |
| 10:11 | [DR]dbilahc · age_up feudal |
| 10:16 | [DR]Agustojoder · wall_segment Stone Wall x20 |
| 10:18 | [DR]dbilahc · wall_segment Stone Wall x10 |
| 10:22 | [DR]Agustojoder · wall_segment Stone Wall x1 |
| 10:22 | [DR]_Pakeras · wall_segment Stone Wall x10 |
| 10:23 | [DR]dbilahc · wall_segment Stone Wall x14 |
| 10:27 | [DR]_Pakeras · wall_segment Stone Wall x11 |
| 10:35 | [DR]dbilahc · wall_segment Stone Wall x8 |
| 10:40 | [DR]_Pakeras · wall_segment Stone Wall x6 |
| 10:48 | [DR]_Pakeras · wall_segment Stone Wall x6 |
| 11:06 | [DR]dbilahc · wall_segment Stone Wall x6 |
| 11:06 | ROSHI EL MAESTRO DEL AGE · first_market_sell 100 stone |
| 11:23 | ROSHI EL MAESTRO DEL AGE · first_market_buy 100 stone |
| 11:48 | Don Tani · wall_segment Palisade Wall x6 |
| 11:52 | [DR]Agustojoder · wall_segment Stone Wall x5 |
| 11:53 | [DR]dbilahc · wall_segment Stone Wall x1 |
| 11:55 | Don Tani · wall_segment Palisade Wall x4 |
| 12:31 | [DR]dbilahc · wall_segment Stone Wall x1 |
| 12:41 | [DR]Agustojoder · wall_segment Stone Wall x1 |
| 13:16 | Don Tani · wall_segment Palisade Wall x9 |
| 14:20 | Don Tani · wall_segment Palisade Wall x1 |
| 14:22 | ROSHI EL MAESTRO DEL AGE · age_up castle |
| 14:48 | [DR]_Pakeras · first_building Barracks |
| 15:40 | [DR]Agustojoder · first_building Barracks |
| 16:18 | Finolillo · wall_segment Stone Wall x5 |
| 16:30 | Finolillo · wall_segment Stone Wall x4 |
| 16:33 | Finolillo · wall_segment Stone Wall x12 |
| 16:38 | [DR]Agustojoder · first_building Stable |
| 17:46 | [DR]dbilahc · first_building Barracks |
| 17:55 | [DR]_Pakeras · first_building Archery Range |
| 18:06 | Finolillo · first_market_buy 100 food |
| 18:22 | [DR]_Pakeras · wall_segment Stone Wall x2 |
| 18:40 | ROSHI EL MAESTRO DEL AGE · wall_segment Palisade Wall x9 |
| 18:51 | [DR]dbilahc · first_building Stable |
| 19:36 | Don Tani · first_market_sell 100 stone |
| 19:38 | Don Tani · first_market_buy 100 food |
| 20:11 | [DR]Agustojoder · age_up castle |
| 20:48 | Finolillo · age_up castle |
| 21:06 | [DR]dbilahc · age_up castle |
| 21:09 | [DR]_Pakeras · age_up castle |
| 21:10 | ROSHI EL MAESTRO DEL AGE · wall_segment Stone Wall x5 |
| 21:35 | ROSHI EL MAESTRO DEL AGE · first_building Barracks |
| 22:01 | Finolillo · first_market_sell 100 wood |
| 22:41 | ROSHI EL MAESTRO DEL AGE · wall_segment Stone Wall x7 |
| 23:14 | Don Tani · age_up castle |
| 24:02 | [DR]_Pakeras · first_building Monastery |
| 25:08 | [DR]_Pakeras · first_market_sell 100 wood |
| 25:46 | Don Tani · first_building Monastery |
| 26:20 | [DR]_Pakeras · first_building Castle |
| 27:16 | Finolillo · first_building Castle |
| 27:20 | Don Tani · wall_segment Palisade Wall x1 |
| 28:36 | ROSHI EL MAESTRO DEL AGE · first_building Castle |
| 28:38 | [DR]dbilahc · tribute_sent a jugador 1 |
| 28:38 | [DR]dbilahc · tribute_sent a jugador 2 |
| 28:38 | [DR]dbilahc · tribute_sent a jugador 4 |
| 28:38 | [DR]dbilahc · tribute_sent a jugador 5 |
| 28:38 | [DR]dbilahc · tribute_sent a jugador 6 |
| 29:02 | [DR]dbilahc · first_building Monastery |
| 29:25 | [DR]Agustojoder · wall_segment Stone Wall x2 |
| 29:34 | [DR]Agustojoder · wall_segment Stone Wall x3 |
| 29:49 | [DR]Agustojoder · wall_segment Stone Wall x4 |
| 30:06 | [DR]_Pakeras · wall_segment Palisade Wall x1 |
| 31:42 | [DR]Agustojoder · wall_segment Stone Wall x1 |
| 33:44 | [DR]Agustojoder · first_market_sell 100 food |
| 34:04 | [DR]dbilahc · first_building Castle |
| 34:46 | [DR]Agustojoder · first_building Monastery |
| 36:04 | [DR]Agustojoder · first_building Castle |
| 36:46 | ROSHI EL MAESTRO DEL AGE · first_building Siege Workshop |
| 36:47 | [DR]_Pakeras · first_market_buy 100 stone |
| 38:31 | [DR]Agustojoder · age_up imperial |
| 39:01 | [DR]dbilahc · first_building Archery Range |
| 39:21 | Don Tani · first_building Castle |
| 40:39 | ROSHI EL MAESTRO DEL AGE · first_building Stable |
| 41:27 | [DR]dbilahc · first_market_buy 100 wood |
| 41:52 | ROSHI EL MAESTRO DEL AGE · age_up imperial |
| 42:48 | Don Tani · age_up imperial |
| 43:22 | [DR]dbilahc · age_up imperial |
| 44:14 | Finolillo · age_up imperial |
| 46:05 | [DR]Agustojoder · wall_segment Stone Wall x1 |
| 46:48 | ROSHI EL MAESTRO DEL AGE · first_building Archery Range |
| 46:49 | [DR]Agustojoder · first_building Archery Range |
| 47:02 | [DR]_Pakeras · age_up imperial |
| 49:17 | ROSHI EL MAESTRO DEL AGE · tribute_sent a jugador 1 |
| 49:17 | ROSHI EL MAESTRO DEL AGE · tribute_sent a jugador 2 |
| 49:17 | ROSHI EL MAESTRO DEL AGE · tribute_sent a jugador 3 |
| 49:17 | ROSHI EL MAESTRO DEL AGE · tribute_sent a jugador 4 |
| 49:18 | ROSHI EL MAESTRO DEL AGE · tribute_sent a jugador 5 |
| 50:46 | [DR]dbilahc · resign |
[ AI ANALYSIS · 1 CREDIT ]
What really happened in this match?
Wolo.gg analyzes every decision: build order, eco, micro, common mistakes by bracket. Personalized analysis on WhatsApp or Discord in 30 seconds.
Civ guide
Berbers
Map guide
MegaRandom
Perfil
Jugador #2177331